 Dungeon Crawl Stone Soup version 0.21-a0-634-gaf8bc5d (webtiles) character file.

619219 NantukoQuickAxe the Axe Maniac (level 27, 244/244 HPs)
             Began as a Formicid Fighter on Dec 28, 2017.
             Was the Champion of Okawaru.
             Quit the game on level 5 of the Pits of Slime on Dec 29, 2017.
             The game lasted 03:29:42 (65588 turns).

NantukoQuickAxe the Axe Maniac (Formicid Fighter)  Turns: 65588, Time: 03:29:43

Health: 244/244    AC: 41    Str: 32    XL:     27
Magic:  35/35      EV:  8    Int: 19    God:    Okawaru [******]
Gold:   4789       SH: 22    Dex: 10    Spells: 12/35 levels left

rFire    + + .     SeeInvis +   g - +9 executioner's axe (drain)
rCold    + . .     Gourm    .   K - +1 large shield {AC+3}
rNeg     + + .     Faith    .   S - +9 plate armour "Qitoal" {rCorr}
rPois    .         Spirit   .   (helmet unavailable)
rElec    +         Reflect  +   e - scarf {rC+ rF+}
rCorr    +         Harm     .   R - +2 pair of gloves {Str+3}
MR       +++..                  t - +3 pair of boots of Valour {rN+ Regen+ Str+6 Stlth+}
Stlth    ..........             r - amulet of Xeok {Reflect +Blink rF+ SH+3}
HPRegen  0.90/turn              m - ring of Eternity {+Fly rElec rN+ Slay+3}
MPRegen  0.24/turn              Z - ring "Foing" {+Fly MR+}

@: studying Fighting
A: permanent stasis, dig shafts and tunnels, four strong arms, antennae 3
}: 3/15 runes: serpentine, barnacled, silver
a: Dig, Shaft Self, Heroism, Finesse, Renounce Religion, Evoke Flight


You were on level 5 of the Pits of Slime.
You worshipped Okawaru.
Okawaru was exalted by your worship.
You were full.

You visited 11 branches of the dungeon, and saw 53 of its levels.
You visited 1 bazaar.
You also visited: Labyrinth, Ice Cave and Wizlab.

You collected 8577 gold pieces.
You spent 3788 gold pieces at shops.

Inventory:

Hand Weapons
 g - a +9 executioner's axe of draining (weapon)
 U - a +4 vampiric battleaxe
Armour
 e - a scarf of resistance (worn)
 t - the +3 pair of boots of Valour (worn) {rN+ Regen+ Str+6 Stlth+}
   (Okawaru gifted it to you on level 1 of the Lair of Beasts)

   It affects your strength (+6).
   It protects you from negative energy.
   It increases your rate of regeneration.
   It makes you more stealthy.
 K - a +1 large shield of protection (worn)
 R - a +2 pair of gloves of strength (worn)
 S - the +9 plate armour "Qitoal" (worn) {rCorr}
   (You found it on level 6 of the Lair of Beasts)

   It protects you from acid and corrosion.
Jewellery
 b - the ring "Vilat" {+Fly rElec Str+3 Stlth-}
   (You found it on level 5 of the Pits of Slime)

   [ring of loudness]

   It affects your strength (+3).
   It insulates you from electricity.
   It lets you fly.
   It makes you less stealthy.
 m - the ring of Eternity (left hand) {+Fly rElec rN+ Slay+3}
   (You bought it in a shop on level 1 of the Depths)

   [ring of flight]

   It affects your accuracy and damage with ranged weapons and melee attacks
   (+3).
   It insulates you from electricity.
   It protects you from negative energy.
   It lets you fly.
 q - an uncursed ring of protection from cold
 r - the amulet of Xeok (around neck) {Reflect +Blink rF+ SH+3}
   (You bought it in a shop on level 2 of the Orcish Mines)

   [amulet of reflection]

   It shields you and reflects attacks.
   It protects you from fire.
   It lets you blink.
   It affects your SH (+3).
 y - an uncursed amulet of regeneration
 E - an uncursed ring of poison resistance
 G - an uncursed ring of positive energy
 X - an uncursed ring of protection from magic
 Z - the ring "Foing" (right hand) {+Fly MR+}
   (You found it on level 3 of the Elven Halls)

   [ring of flight]

   It affects your resistance to hostile enchantments.
   It lets you fly.
Wands
 p - a wand of disintegration (10)
 w - a wand of iceblast (35)
 x - a wand of clouds (11)
 B - a wand of scattershot (13)
 V - a wand of acid (31)
Scrolls
 i - 24 scrolls of remove curse
 o - 2 scrolls of identify
 v - 5 scrolls of silence
 H - 3 scrolls of fear
 L - 5 scrolls of magic mapping
Potions
 a - 2 potions of might
 c - 2 potions of invisibility
 d - 2 potions of experience
 h - 17 potions of curing
 k - 11 potions of heal wounds
 n - 4 potions of cancellation
 C - 4 potions of flight
 D - 5 potions of resistance
 I - 3 potions of mutation
 N - 4 potions of ambrosia
 W - 3 potions of agility
Books
 l - a manual of Fighting
Miscellaneous
 j - 7 sacks of spiders
 s - a lamp of fire
 A - 4 boxes of beasts
 J - 3 phantom mirrors
 Y - a fan of gales
Comestibles
 f - 60 rations


   Skills:
 + Level 25.7 Fighting
 O Level 27 Axes
 - Level 23.6 Armour
 - Level 2.6 Dodging
 - Level 7.9 Shields
 - Level 4.7 Spellcasting
 - Level 12.8 Necromancy
 - Level 5.1 Transmutations
 - Level 3.9 Invocations
 + Level 16.1 Evocations


You had 12 spell levels left.
You knew the following spells:

 Your Spells              Type           Power        Failure   Level  Hunger
a - Animate Skeleton      Necr           N/A          1%          1    None
b - Animate Dead          Necr           N/A          10%         4    ####...
c - Swiftness             Chrm/Air       #.......     95%         2    #......
d - Necromutation         Tmut/Necr      #####.....   100%        8    #######
e - Death's Door          Chrm/Necr      ####......   100%        8    #######


Dungeon Overview and Level Annotations

Branches:
Dungeon (15/15)            Temple (1/1) D:6            Lair (6/6) D:8
 Shoals (4/4) Lair:2        Snake (4/4) Lair:3        Slime (5/5) Lair:5
    Orc (2/2) D:12            Elf (3/3) Orc:2        Vaults (5/5) D:14
  Crypt (3/3) Vaults:2       Tomb (0/3) Crypt:3      Depths (5/5) D:15
    Zot (0/5) Depths:5

Altars:
Ashenzari
Cheibriados
Dithmenos
Fedhas
Gozag
Kikubaaqudgha
Makhleb
Okawaru
Sif Muna
Uskayaw
Vehumet
Wu Jian
Yredelemnul
Beogh
Jiyva

Shops:
Orc:2 :[(*   Elf:1 !   Elf:2 [=?   Elf:3 !   Depths:1 =

Portals:
Hell: Lair:6 Depths:1 Depths:2 Depths:3 Depths:4 Depths:5
Abyss: Depths:2 Depths:3 Depths:4 Depths:5
Pandemonium: Depths:3
Ziggurat: Depths:1

Annotations:
D:8 xfalz's ghost, novice TrVM
Depths:4 8 runed doors


Innate Abilities, Weirdness & Mutations

You cannot be hasted, slowed, berserked, paralysed or teleported.
You can dig through walls and to a lower floor.
Your four strong arms can wield two-handed weapons with a shield.
You have a pair of large antennae on your head. (SInv)


Message History

b - the ring "Vilat" {+Fly rElec Str+3 Stlth-}
Found a scroll of magic mapping.
You see here an embroidered cloak.
d - an embroidered cloak
As you read the scroll of identify, it crumbles to dust.
d - a +2 cloak You drop a +2 cloak.
Found 26 gold pieces.
Found a potion of agility.
You see here a robe.
You see here a glowing scale mail.
d - 2 black potions
As you read the scroll of identify, it crumbles to dust.
d - 2 potions of experience You see here a glowing scale mail.
i - 24 scrolls of remove curse (gained 1)
You now have 4789 gold pieces (gained 52).
You see here a lightning rod (4/4).
You see here a runed mace.
Are you sure you want to abandon this character and quit the game? (Confirm with "yes".)

.................................
.........#.##.##..#..............
........#####.#####*.............
.......###[##..##(##,............
......###(?%##.#:=?##,...........
......##().##..##?[/###..........
....###(|[)?....(.)=$##..........
....# #!)|[.......:)(#*#.........
....# ##[|.=....@.$$## #.........
....#####..........#####.........
.....#................#..........
.......#............#............
....##*##..........##*##.........
.....*##([.)....}.)?##*#.........
...J#*#??)[......[|(!##..........
....**#(|$[......)φ)?##..........
....,,##$|.##..##$)[###..........


There were no monsters in sight!

Vanquished Creatures
  the Royal Jelly (Slime:5)
  3 ancient liches
  A juggernaut (Depths:5)
  A caustic shrike (Depths:1)
  Saint Roka (Elf:2)
  3 golden dragons
  2 bone dragons
  Jory (Vaults:3)
  A profane servitor (Crypt:3)
  7 tentacled monstrosities
  A deep elf blademaster (Elf:3)
  A quicksilver dragon (Vaults:4)
  9 liches
  3 titans
  25 acid blobs
  A deep elf master archer (Elf:3)
  Asterion (Depths:3)
  Agnes (Elf:2)
  A kraken (Shoals:2)
  6 tengu reavers
  5 ancient champions
  6 sphinxes
  10 azure jellies
  Gastronok (D:8)
  2 revenants
  4 shadow dragons
  4 storm dragons
  Roxanne (Shoals:1)
  5 nagarajas (Snake:4)
  Ilsuiw (Shoals:4)
  A draconian scorcher (Depths:5)
  5 deep elf sorcerers
  3 orc warlords
  12 fire giants
  17 frost giants
  3 cacodemons (Crypt:1)
  16 vault wardens
  Aizul (Elf:2)
  7 deep elf elementalists
  4 draconian stormcallers (Depths:5)
  3 curse skulls
  9 ghouls (Crypt:3)
  The ghost of brevous the Tortoise, a journeyman MiFi of Okawaru (D:13)
  A caustic shrike zombie (Crypt:1)
  19 ironheart preservers
  2 war gargoyles (Vaults:5)
  A caustic shrike skeleton (Crypt:2)
  4 entropy weavers
  11 stone giants
  2 spriggan defenders
  21 very ugly things
  8 vampire knights
  5 deep elf demonologists
  8 deep elf annihilators
  A white draconian (Depths:5)
  Azrael (Snake:1)
  A black draconian (Depths:5)
  A red draconian (Depths:5)
  The ghost of aubilenon the Cleaver, a journeyman HOFi of Okawaru (D:15)
  4 spark wasps
  11 deep elf death magi
  11 merfolk impalers
  8 death oozes
  A mummy priest (Crypt:3)
  9 eidola
  16 ettins
  19 yaktaur captains
  A crystal guardian (Vaults:4)
  3 merfolk javelineers (Shoals:4)
  A minotaur (Lab)
  12 great orbs of eyes
  8 fire dragons
  12 deep elf high priests
  19 naga warriors
  Erolcha (D:10)
  Josephine (Shoals:1)
  9 jiangshi
  6 rakshasas
  18 ice dragons
  30 vault guards
  7 hydras
  A hell beast (Lair:6)
  3 ghost crabs (Lair:3)
  3 merfolk aquamancers
  5 merfolk avatars
  A catoblepas (Lair:4)
  A spriggan air mage (Depths:2)
  45 two-headed ogres
  27 dancing weapons
  6 anacondas
  12 ogre magi
  6 centaur warriors
  10 vampire magi
  5 death knights
  10 death yaks
  13 deep troll shamans
  19 deep troll earth magi
  2 tengu warriors
  Urug (D:14)
  4 orc high priests
  A titan zombie (Crypt:3)
  14 naga sharpshooters
  7 spriggan berserkers
  2 soul eaters (Crypt:1)
  Sonja (Orc:2)
  A sun demon (Depths:3)
  A storm dragon zombie (Crypt:3)
  21 deep elf knights
  Nergalle (Lair:3)
  31 skeletal warriors
  6 shadow wraiths
  11 hell knights
  8 unseen horrors
  4 iron trolls
  13 sea snakes
  5 fire crabs (Lair:3)
  2 salamander mystics
  3 anaconda zombies
  10 flayed ghosts
  An unseen horror (shapeshifter) (Vaults:3)
  A shadow demon (Depths:3)
  37 deep trolls
  6 ironbrand convokers
  28 harpies
  15 deep elf archers
  2 wolf spider zombies
  4 glowing orange brains
  14 orc knights
  10 wizards
  2 mana vipers
  An orb spider (shapeshifter) (Vaults:2)
  8 necromancers
  50 ugly things
  2 naga ritualists
  A sphinx zombie (Vaults:2)
  19 phantasmal warriors
  A fire giant zombie (Crypt:3)
  15 manticores
  A wolf spider (shapeshifter) (Depths:2)
  5 orc sorcerers
  6 wolf spiders
  2 shining eyes
  6 fauns
  A shining eye (shapeshifter) (Depths:2)
  A cyclops (shapeshifter) (Depths:3)
  A frost giant zombie (Crypt:1)
  73 deep elf magi
  6 cyclopes
  A salamander (shapeshifter) (Vaults:3)
  A centaur zombie (D:11)
  16 salamanders
  A stone giant skeleton (Vaults:2)
  6 guardian serpents
  An apocalypse crab (Lair:3)
  18 vault sentinels
  19 black mambas
  6 elephants (Lair:4)
  3 molten gargoyles
  2 orange demons (Lair:6)
  2 torpor snails (Lair:6)
  13 merfolk sirens
  5 spectral swamp worms (Depths:1)
  A shock serpent skeleton (Crypt:1)
  6 water nymphs
  An ice statue (IceCv)
  An emperor scorpion zombie (Crypt:3)
  19 spiny frogs
  24 naga magi
  7 rime drakes
  An efreet (D:15)
  An eye of devastation (Slime:2)
  62 yaktaurs
  A pale draconian zombie (Crypt:2)
  7 komodo dragons
  A yaktaur (shapeshifter) (Vaults:4)
  2 ice devils
  2 tengu conjurers (Depths:3)
  3 human skeletons (Vaults:2)
  2 hellwings
  3 red devils (Lair:6)
  16 freezing wraiths
  A meliai (shapeshifter) (Vaults:1)
  A yaktaur skeleton (Vaults:2)
  A queen bee (shapeshifter) (Vaults:5)
  A green draconian skeleton (Crypt:2)
  23 merfolk
  A guardian mummy (Crypt:3)
  3 meliai (D:14)
  8 large abominations
  19 polar bears
  3 harpy zombies
  10 trolls
  2 jumping spiders
  3 wind drakes (Shoals:4)
  A wolf spider simulacrum (Crypt:1)
  A jumping spider (shapeshifter) (Vaults:5)
  A hydra skeleton (Crypt:1)
  6 hornets
  2 fire dragon zombies (Crypt:3)
  97 slime creatures
  7 snapping turtles
  A hornet (shapeshifter) (Depths:2)
  A blink frog (shapeshifter) (Elf:1)
  A raiju (shapeshifter) (Vaults:3)
  Prince Ribbit (D:5)
  21 blink frogs
  A fire giant simulacrum (Vaults:3)
  5 dream sheep
  A stone giant simulacrum (Vaults:2)
  An air elemental (Elf:1)
  2 ettin zombies (Crypt:3)
  A redback (shapeshifter) (Depths:2)
  19 hippogriffs
  19 flying skulls
  3 spriggans
  An ice dragon skeleton (Crypt:1)
  4 vampires (WizLab)
  18 wraiths
  5 redbacks
  A tarantella (shapeshifter) (Depths:5)
  An ushabti (Crypt:3)
  A ynoxinul (Depths:3)
  50 yaks
  7 wyverns
  3 basilisks
  A spriggan (shapeshifter) (Vaults:3)
  4 hogs
  17 humans
  3 shadows (Crypt:2)
  20 water elementals
  A hog (shapeshifter) (Vaults:3)
  A black mamba skeleton (Crypt:1)
  11 golden eyes
  10 fire elementals
  A hungry ghost (D:11)
  2 chaos spawn (Depths:5)
  7 vampire mosquitoes
  2 yaktaur simulacra
  48 nagas
  6 two-headed ogre zombies (WizLab)
  8 wargs
  3 soldier ants
  4 acid dragons
  A soldier ant (shapeshifter) (Depths:2)
  20 water moccasins
  A spiny frog zombie (Crypt:1)
  2 floating eyes
  A floating eye (shapeshifter) (Snake:2)
  Duvessa (D:7)
  7 hell hounds
  A two-headed ogre skeleton (Crypt:1)
  10 porcupines
  A hornet zombie (D:15)
  3 ice beasts
  57 orc warriors
  A swamp drake (D:8)
  3 sky beasts (D:8)
  An ice beast (shapeshifter) (Elf:2)
  2 elf zombies
  4 eyes of draining
  8 black bears (D:9)
  A manticore zombie (Crypt:3)
  36 ogres
  A swamp dragon zombie (Crypt:3)
  A phantom (D:12)
  A human zombie (Vaults:2)
  15 necrophages
  A snapping turtle zombie (Crypt:3)
  47 wolves
  2 boggarts
  A lindwurm skeleton (Crypt:2)
  15 crocodiles
  11 centaurs
  A centaur (shapeshifter) (Vaults:5)
  3 hippogriff zombies (Shoals:1)
  The ghost of jaclynhyde the Digger, an amateur GrEE (D:3)
  4 big kobolds
  12 small abominations
  3 gnoll sergeants (D:9)
  16 bullfrogs
  An earth elemental (Elf:1)
  2 salamander skeletons (Crypt:2)
  Dowan (D:7)
  A wyvern zombie (D:6)
  14 wyvern skeletons
  5 scorpions
  A water moccasin zombie (D:9)
  2 human simulacra (Vaults:3)
  7 troll zombies
  5 howler monkeys
  24 wights
  9 electric eels
  9 crimson imps
  A bullfrog zombie (D:10)
  5 lava snakes (Lair:5)
  2 quasits (Depths:3)
  9 hounds
  2 gnoll shamans (D:9)
  5 jellies
  30 orc priests
  3 iron imps
  39 orc wizards
  4 bullfrog skeletons
  6 centaur skeletons
  2 iguanas
  Terence (D:2)
  9 worker ants
  3 ogre zombies (WizLab)
  An acid dragon skeleton (Crypt:1)
  A hound zombie (D:8)
  A hound skeleton (D:8)
  A mummy (Crypt:3)
  2 worker ant zombies (D:8)
  Robin (D:1)
  17 adders
  2 gnolls
  7 shadow imps
  12 white imps (Lair:6)
  An ufetubus (Depths:3)
  An adder zombie (D:7)
  2 oozes
  2 adder skeletons
  An iguana skeleton (Crypt:1)
  3 worms
  3 dart slugs
  8 leopard geckos
  157 orcs
  8 giant cockroaches
  15 goblins
  5 hobgoblins
  18 jackals
  24 kobolds
  10 quokkas
  2 ball pythons
  7 bats
  2 frilled lizards (D:1)
  A frilled lizard skeleton (Crypt:1)
  8 rats
  A rat skeleton (Crypt:2)
  A river rat skeleton (Crypt:2)
  A crawling corpse (Vaults:5)
  2 fungi (Lair:5)
  8 plants
  4 tentacles (Shoals:2)
  8 withered plants (Crypt:3)
2728 creatures vanquished.

Vanquished Creatures (collateral kills)
  A frost giant (Shoals:4)
  An azure jelly (Slime:5)
  A death ooze (Slime:5)
  A merfolk aquamancer (Shoals:4)
  A dancing weapon (Elf:2)
  A deep troll (Vaults:3)
  A sea snake (Shoals:4)
  A merfolk siren (Shoals:4)
8 creatures vanquished.

Vanquished Creatures (others)
  Vashnia (Snake:2)
  A fire giant (Depths:3)
  A frost giant (Depths:2)
  An ironheart preserver (Vaults:4)
  A black draconian (Depths:5)
  2 yaktaur captains
  A centaur warrior (Depths:2)
  An ogre mage (Vaults:4)
  2 two-headed ogres (Vaults:4)
  A dancing weapon (Vaults:5)
  3 naga sharpshooters
  A vampire mage (Depths:1)
  5 deep elf archers
  An ironbrand convoker (Vaults:4)
  A harpy (Vaults:4)
  A deep elf mage (Elf:1)
  2 wolf spiders (Vaults:4)
  A cyclops (Shoals:4)
  16 yaktaurs
  A water elemental (Elf:3)
  2 wargs
  3 ogres (Vaults:4)
  An orc warrior (Vaults:4)
  2 centaurs
  2 orc wizards
  5 orcs
  2 kobolds (D:15)
  A bush (Lair:6)
  3 crawling corpses (Vaults:5)
  12 fungi
  52 plants
  3 tentacles (Shoals:2)
  3 withered plants (Crypt:3)
135 creatures vanquished.

Grand Total: 2871 creatures vanquished

Notes
Turn   | Place    | Note
-------+----------+-------------------------------------------
     0 | D:1      | NantukoQuickAxe the Formicid Fighter began the quest for the Orb.
     0 | D:1      | Reached XP level 1. HP: 18/18 MP: 1/1
   131 | D:1      | Reached XP level 2. HP: 16/24 MP: 2/2
   377 | D:1      | Reached skill level 3 in Axes
   461 | D:1      | Reached XP level 3. HP: 25/29 MP: 3/3
   825 | D:2      | Noticed Terence
   871 | D:2      | Noticed Robin
   976 | D:1      | Killed Robin
   976 | D:1      | Reached skill level 4 in Axes
   976 | D:1      | Reached XP level 4. HP: 28/35 MP: 4/4
  1068 | D:2      | Found a shattered altar of Ashenzari.
  1309 | D:2      | Killed Terence
  1309 | D:2      | Reached XP level 5. HP: 37/41 MP: 5/5
  1338 | D:2      | Reached skill level 5 in Axes
  1901 | D:3      | Found an ornate altar of the Wu Jian Council.
  1995 | D:3      | Found a shadowy altar of Dithmenos.
  2415 | D:3      | Noticed jaclynhyde's ghost (amateur GrEE)
  2438 | D:3      | Killed jaclynhyde's ghost
  2438 | D:3      | Reached skill level 6 in Axes
  2438 | D:3      | Reached XP level 6. HP: 15/47 MP: 6/6
  3274 | D:4      | Noticed an ogre
  3361 | D:4      | Found an opulent altar of Gozag.
  3384 | D:4      | Reached XP level 7. HP: 52/52 MP: 7/7
  3388 | D:4      | Reached skill level 7 in Axes
  3592 | D:4      | Reached skill level 8 in Axes
  4234 | D:5      | Entered Level 5 of the Dungeon
  4564 | D:5      | Reached XP level 8. HP: 45/58 MP: 8/8
  4872 | D:5      | Noticed Prince Ribbit
  5046 | D:5      | Reached skill level 9 in Axes
  5866 | D:5      | HP: 2/58 [Prince Ribbit (7)]
  5876 | D:5      | You fall through a shaft for 2 floors!
  6438 | D:6      | Reached skill level 10 in Axes
  6750 | D:6      | Reached XP level 9. HP: 60/64 MP: 9/9
  6879 | D:6      | Found a staircase to the Ecumenical Temple.
  7022 | Temple   | Entered the Ecumenical Temple
  7038 | Temple   | Became a worshipper of Warmaster Okawaru
  7157 | D:6      | Got a steaming battleaxe
  7158 | D:6      | Identified the cursed +0 battleaxe of Wu Jian {chop, Dex+4} (You found it on level 6 of the Dungeon)
  7326 | D:6      | Reached skill level 11 in Axes
  7584 | D:5      | Killed Prince Ribbit
  7674 | D:5      | Found a snail-covered altar of Cheibriados.
  8222 | D:7      | Reached * piety under Okawaru
  8222 | D:7      | Reached skill level 12 in Axes
  8590 | D:7      | Reached XP level 10. HP: 67/70 MP: 10/10
  8687 | D:7      | Noticed Duvessa
  8688 | D:7      | Noticed Dowan
  8700 | D:7      | Killed Duvessa
  8703 | D:7      | Killed Dowan
  8703 | D:7      | Reached skill level 13 in Axes
  8718 | D:7      | Reached ** piety under Okawaru
  9565 | D:8      | Noticed xfalz's ghost (novice TrVM)
  9574 | D:8      | You fall through a shaft!
  9594 | D:9      | You fall through a shaft for 2 floors!
  9647 | D:11     | Found a labyrinth entrance.
  9908 | D:11     | Reached skill level 1 in Invocations
  9962 | Lab      | Entered a labyrinth
 10278 | Lab      | Noticed a minotaur
 10312 | Lab      | Killed a minotaur
 10312 | Lab      | Reached *** piety under Okawaru
 10312 | Lab      | Reached skill level 5 in Fighting
 10340 | Lab      | Identified the Handbook of Good Luck and the Snowflakes
 10341 | Lab      | Found the +4 skin of Zhor {rC+++}
 10342 | Lab      | Got an ichor-stained war axe
 10488 | Lab      | Identified the +1 war axe "Caurgheb" {freeze, MP+9 Stlth+} (You found it in a labyrinth)
 10501 | D:10     | Entered Level 10 of the Dungeon
 11111 | D:11     | Noticed an unseen horror
 11127 | D:11     | Killed an unseen horror
 11127 | D:11     | Reached **** piety under Okawaru
 11127 | D:11     | Reached XP level 11. HP: 64/84 MP: 13/13
 11396 | D:11     | Received a gift from Okawaru
 12000 | D:9      | Noticed a two-headed ogre
 12007 | D:9      | Killed a two-headed ogre
 12007 | D:9      | Received a gift from Okawaru
 12007 | D:9      | Reached skill level 10 in Fighting
 12124 | D:9      | Reached ***** piety under Okawaru
 12131 | D:9      | Noticed a two-headed ogre
 12551 | D:10     | Received a gift from Okawaru
 12658 | D:10     | Got an uncursed transparent dagger {flame}
 12659 | D:10     | Identified the +10 dagger of Viohoq {flame, rN+ SInv} (You took it off a centaur on level 10 of the Dungeon)
 12770 | D:10     | Noticed Erolcha
 12787 | D:10     | Killed Erolcha
 13342 | D:9      | Reached skill level 5 in Armour
 13401 | D:9      | Received a gift from Okawaru
 13504 | D:9      | Noticed a two-headed ogre
 13505 | D:9      | Reached XP level 12. HP: 91/99 MP: 14/14
 13684 | D:9      | Noticed a two-headed ogre
 13705 | D:9      | Noticed a skeletal warrior
 13708 | D:9      | Noticed a death knight
 13716 | D:9      | You fall through a shaft for 3 floors!
 14229 | D:10     | Noticed a two-headed ogre
 14234 | D:10     | Killed a two-headed ogre
 14632 | D:9      | Noticed a two-headed ogre
 14639 | D:9      | Killed a two-headed ogre
 14904 | D:9      | Killed a two-headed ogre
 14912 | D:9      | Killed a two-headed ogre
 14912 | D:9      | Reached skill level 10 in Armour
 15016 | D:9      | Noticed a skeletal warrior
 15200 | D:8      | Noticed a two-headed ogre
 15267 | D:8      | Killed a two-headed ogre
 15269 | D:8      | Reached skill level 14 in Axes
 15723 | D:8      | Found a staircase to the Lair.
 15944 | D:8      | Noticed Gastronok
 15989 | Lair:1   | Entered Level 1 of the Lair of Beasts
 16192 | Lair:1   | Reached XP level 13. HP: 105/105 MP: 15/15
 16351 | Lair:1   | You fall through a shaft!
 16555 | Lair:2   | Reached skill level 15 in Axes
 16802 | Lair:1   | Reached ****** piety under Okawaru
 16809 | Lair:1   | Received a gift from Okawaru
 16843 | Lair:1   | Got a pair of pitted boots {god gift}
 16849 | Lair:1   | Identified the +3 pair of boots of Valour {rN+ Regen+ Str+6 Stlth+} (Okawaru gifted it to you on level 1 of the Lair of Beasts)
 16944 | Lair:1   | Reached skill level 16 in Axes
 17655 | Lair:2   | Noticed an eight-headed hydra
 17673 | Lair:2   | Killed a two-headed hydra
 18011 | Lair:2   | Found a staircase to the Shoals.
 18483 | Lair:3   | Found a staircase to the Snake Pit.
 18602 | Lair:3   | Got an ancient lajatang
 18603 | Lair:3   | Identified the +8 lajatang of Destiny {chaos, Int+6} (You found it on level 3 of the Lair of Beasts)
 18621 | Lair:3   | Noticed a six-headed hydra
 18630 | Lair:3   | Killed a one-headed hydra
 18630 | Lair:3   | Received a gift from Okawaru
 18630 | Lair:3   | Reached XP level 14. HP: 113/113 MP: 16/16
 18847 | Lair:3   | Found a runed door.
 18859 | Lair:3   | Noticed Nergalle
 18874 | Lair:3   | Killed Nergalle
 19182 | Lair:3   | Noticed an entropy weaver
 19185 | Lair:3   | You fall through a shaft for 3 floors!
 19185 | Lair:6   | Entered Level 6 of the Lair of Beasts
 19248 | Lair:6   | Reached skill level 17 in Axes
 19262 | Lair:6   | Found a frozen archway.
 19296 | IceCv    | Entered an ice cave
 19381 | IceCv    | Reached skill level 1 in Evocations
 19486 | IceCv    | Received a gift from Okawaru
 19852 | IceCv    | Noticed a frost giant
 19875 | IceCv    | Killed a frost giant
 20706 | Lair:5   | Reached XP level 15. HP: 110/123 MP: 18/18
 20842 | Lair:5   | Found a viscous altar of Jiyva.
 20843 | Lair:5   | Found a staircase to the Slime Pits.
 21018 | Lair:5   | Received a gift from Okawaru
 21021 | Lair:5   | Got a translucent war axe {god gift}
 21022 | Lair:5   | Identified the +10 war axe of Melee {drain, *Noise rN+ Dex+3} (Okawaru gifted it to you on level 5 of the Lair of Beasts)
 22619 | Lair:3   | Received a gift from Okawaru
 22751 | Lair:3   | Identified the Handbook of Icy Translocation
 22754 | Lair:3   | Got a faintly glowing jade ring
 22757 | Lair:3   | Identified the ring of Korah {rN+ MR- Str+3 Dex+3 SInv} (You found it on level 3 of the Lair of Beasts)
 22947 | Lair:6   | Got a shimmering plate armour
 22978 | Lair:6   | Identified the +9 plate armour "Qitoal" {rCorr} (You found it on level 6 of the Lair of Beasts)
 23216 | Lair:6   | Reached skill level 18 in Axes
 23296 | Lair:6   | Reached XP level 16. HP: 133/134 MP: 19/19
 23780 | Lair:6   | Found a burning altar of Makhleb.
 23945 | Lair:6   | Found a gateway to Hell.
 24284 | D:8      | Killed Gastronok
 24419 | D:9      | Received a gift from Okawaru
 24633 | D:9      | Found a hide-covered altar of Uskayaw.
 24674 | D:9      | You fall through a shaft for 3 floors!
 24874 | D:12     | Found a staircase to the Orcish Mines.
 25524 | D:10     | You are sucked into a shaft!
 25778 | D:9      | Reached skill level 15 in Fighting
 26294 | Orc:1    | Entered Level 1 of the Orcish Mines
 26446 | Orc:2    | Entered Level 2 of the Orcish Mines
 26483 | Orc:2    | Found a staircase to the Elven Halls.
 26492 | Orc:2    | Found a roughly hewn altar of Beogh.
 26670 | Orc:2    | Noticed Sonja
 26679 | Orc:2    | Killed Sonja
 26799 | Orc:2    | Found a roughly hewn altar of Beogh.
 26884 | Orc:2    | Found a roughly hewn altar of Beogh.
 26919 | Orc:2    | Found Lywof's Assorted Antiques.
 26924 | Orc:2    | Bought a vibrating lead amulet for 140 gold pieces
 26924 | Orc:2    | Identified the amulet of Xeok {Reflect +Blink rF+ SH+3} (You bought it in a shop on level 2 of the Orcish Mines)
 26961 | Orc:2    | Received a gift from Okawaru
 27337 | Orc:2    | Reached skill level 5 in Evocations
 27376 | Orc:2    | Found Roezekos's Antique Weapon Emporium.
 27377 | Orc:2    | Found a roughly hewn altar of Beogh.
 27379 | Orc:2    | Found Onneadoh's Antique Armour Shoppe.
 27518 | Orc:2    | Found a roughly hewn altar of Beogh.
 27534 | Orc:2    | Found Ijimaluts's Book Emporium.
 27626 | Orc:2    | Bought a scroll of identify for 56 gold pieces
 27626 | Orc:2    | Bought a potion of resistance for 280 gold pieces
 27626 | Orc:2    | Bought a jewelled lead wand for 112 gold pieces
 28102 | D:13     | Noticed brevous's ghost (journeyman MiFi)
 28116 | D:13     | Killed brevous's ghost
 28470 | D:13     | Reached skill level 5 in Shields
 29356 | D:14     | Found a gate to the Vaults.
 29356 | D:14     | Noticed Urug
 29391 | D:14     | Received a gift from Okawaru
 29402 | D:14     | Killed Urug
 29402 | D:14     | Reached XP level 17. HP: 127/142 MP: 22/22
 30070 | D:15     | Entered Level 15 of the Dungeon
 30260 | D:15     | Noticed aubilenon's ghost (journeyman HOFi)
 30288 | D:15     | Killed aubilenon's ghost
 30481 | D:15     | Found a blossoming altar of Fedhas.
 30592 | D:15     | Received a gift from Okawaru
 30595 | D:15     | Got an ancient plate armour {god gift}
 30745 | D:15     | Found a staircase to the Depths.
 30792 | D:15     | Identified the +1 plate armour of Titikhue {rN+ SInv} (Okawaru gifted it to you on level 15 of the Dungeon)
 31078 | Snake:1  | Entered Level 1 of the Snake Pit
 31286 | Snake:1  | Reached skill level 10 in Evocations
 31404 | Snake:1  | Noticed Azrael
 31462 | Snake:1  | Killed Azrael
 32090 | Snake:2  | Reached skill level 15 in Armour
 32578 | Snake:2  | Noticed Vashnia
 32601 | Snake:2  | Received a gift from Okawaru
 32615 | Snake:2  | Reached XP level 18. HP: 151/151 MP: 26/26
 32620 | Snake:2  | Killed Vashnia
 33009 | Snake:3  | Reached skill level 19 in Axes
 33687 | Snake:4  | Entered Level 4 of the Snake Pit
 34458 | Snake:4  | Received a gift from Okawaru
 34878 | Snake:4  | Got a serpentine rune of Zot
 34891 | Snake:4  | Reached XP level 19. HP: 159/159 MP: 27/27
 35238 | Shoals:1 | Entered Level 1 of the Shoals
 35537 | Shoals:1 | Received a gift from Okawaru
 35544 | Shoals:1 | Noticed Josephine
 35555 | Shoals:1 | Killed Josephine
 35617 | Shoals:1 | Noticed Roxanne
 35632 | Shoals:1 | Killed Roxanne
 36125 | Shoals:2 | Received a gift from Okawaru
 36323 | Shoals:2 | Reached skill level 20 in Axes
 37346 | Shoals:4 | Entered Level 4 of the Shoals
 37432 | Shoals:4 | Identified the Volume of Vitriolic Earth
 37570 | Shoals:4 | Found the +9 heavy crossbow "Sniper" {velocity, Acc+∞ SInv}
 37665 | Shoals:4 | Noticed Ilsuiw
 37686 | Shoals:4 | Reached XP level 20. HP: 161/170 MP: 28/28
 37706 | Shoals:4 | Killed Ilsuiw
 38293 | Shoals:4 | Got a barnacled rune of Zot
 38514 | Shoals:4 | Received a gift from Okawaru
 38930 | Lair:1   | Learned a level 1 spell: Animate Skeleton
 38935 | Lair:1   | Learned a level 4 spell: Animate Dead
 39083 | Vaults:1 | Entered Level 1 of the Vaults
 40887 | Vaults:2 | Reached XP level 21. HP: 175/180 MP: 29/29
 40897 | Vaults:2 | Reached skill level 21 in Axes
 41022 | Vaults:2 | Received a gift from Okawaru
 41351 | Vaults:2 | You fall through a shaft for 2 floors!
 41660 | Vaults:3 | Noticed Jory
 41676 | Vaults:3 | Killed Jory
 41938 | Vaults:3 | Found a magical portal.
 41947 | WizLab   | Entered Zonguldrok's Shrine
 42192 | WizLab   | Received a gift from Okawaru
 42349 | WizLab   | Received a gift from Okawaru
 42467 | WizLab   | Noticed an antique lich
 42474 | WizLab   | Noticed a Brimstone Fiend
 42481 | WizLab   | Killed an antique lich
 42658 | WizLab   | Found the +9 sword of Zonguldrok {reap}
 42806 | Vaults:2 | Reached XP level 22. HP: 164/190 MP: 30/30
 43277 | Vaults:2 | Received a gift from Okawaru
 43479 | Vaults:2 | Found a staircase to the Crypt.
 43479 | Vaults:2 | Found a basalt altar of Yredelemnul.
 43480 | Vaults:2 | Found an ancient bone altar of Kikubaaqudgha.
 43949 | Vaults:3 | Reached skill level 22 in Axes
 45008 | Vaults:4 | Found a gateway to a bazaar.
 45029 | Vaults:4 | Received a gift from Okawaru
 45207 | Vaults:3 | Reached XP level 23. HP: 139/199 MP: 31/31
 45688 | Vaults:4 | Received a gift from Okawaru
 46407 | Bazaar   | Entered a bazaar
 46407 | Bazaar   | Found Reulugon's Armour Emporium.
 46407 | Bazaar   | Found Jinit's Antique Weapon Boutique.
 46424 | Bazaar   | Found Biofisid's Magic Scroll Shop.
 46451 | Bazaar   | Found Urusorag's General Store.
 46457 | Bazaar   | Found Emanef's Assorted Antiques.
 46464 | Bazaar   | Bought a scroll of identify for 50 gold pieces
 46464 | Bazaar   | Bought a phantom mirror for 750 gold pieces
 46495 | Bazaar   | Bought a scroll of identify for 18 gold pieces
 46495 | Bazaar   | Bought a scroll of acquirement for 468 gold pieces
 46495 | Bazaar   | Bought a scroll of fog for 18 gold pieces
 46495 | Bazaar   | Bought a scroll of enchant weapon for 67 gold pieces
 46495 | Bazaar   | Bought a scroll of identify for 18 gold pieces
 46495 | Bazaar   | Bought a scroll of enchant weapon for 67 gold pieces
 47083 | Elf:1    | Entered Level 1 of the Elven Halls
 47363 | Elf:1    | Found Laysiqi's Distillery.
 47374 | Elf:1    | Bought 2 potions of agility for 128 gold pieces
 47374 | Elf:1    | Bought a potion of curing for 48 gold pieces
 47374 | Elf:1    | Bought a potion of heal wounds for 80 gold pieces
 47374 | Elf:1    | Bought a potion of curing for 48 gold pieces
 48110 | Elf:1    | Reached skill level 23 in Axes
 48378 | Elf:2    | Noticed Agnes
 48385 | Elf:2    | Killed Agnes
 48387 | Elf:2    | Found Ugunirei's Magic Scroll Emporium.
 48391 | Elf:2    | Found Iromoes's Jewellery Shoppe.
 48394 | Elf:2    | Bought an uncursed ring of protection from magic for 425 gold pieces
 48394 | Elf:2    | Bought a cursed amulet of inaccuracy for 34 gold pieces
 48600 | Elf:2    | Found Sooh's Armour Emporium.
 48639 | Elf:2    | Found a radiant altar of Vehumet.
 48861 | Elf:2    | Received a gift from Okawaru
 48862 | Elf:2    | Found a huge runed gate.
 48862 | Elf:2    | Found a huge runed gate.
 48862 | Elf:2    | Found a huge runed gate.
 48862 | Elf:2    | Found a huge runed gate.
 48864 | Elf:2    | Found a huge runed gate.
 48924 | Elf:3    | Entered Level 3 of the Elven Halls
 48952 | Elf:3    | Found Losiho's Distillery.
 48962 | Elf:3    | Bought a potion of agility for 64 gold pieces
 48962 | Elf:3    | Bought a potion of flight for 48 gold pieces
 48962 | Elf:3    | Bought a potion of curing for 48 gold pieces
 49107 | Elf:3    | Reached XP level 24. HP: 198/208 MP: 31/31
 49673 | Elf:3    | Reached skill level 24 in Axes
 50268 | Elf:3    | Got ichor-stained ice dragon scales
 50278 | Elf:3    | Got a fine jade ring
 50279 | Elf:3    | Identified the ring "Foing" {+Fly MR+} (You found it on level 3 of the Elven Halls)
 50312 | Elf:3    | Identified Sif Muna's Volume of Supportive Good Luck
 50320 | Elf:3    | Learned a level 2 spell: Swiftness
 50326 | Elf:3    | Identified the Compendium of the Gliding Blaze
 50644 | Lair:1   | Identified the +1 ice dragon scales of Qazlal's Favour {rF- rC++ MR++ Regen+ Str+2 Dex-5} (You found it on level 3 of the Elven Halls)
 50852 | Depths:1 | Entered Level 1 of the Depths
 50926 | Depths:1 | Found Tailekem's Jewellery Emporium.
 50947 | Depths:1 | Bought the ring of Eternity {+Fly rElec rN+ Slay+3} for 821 gold pieces
 51019 | Depths:1 | Found a gateway to a ziggurat.
 51355 | Depths:1 | Reached skill level 25 in Axes
 51540 | Depths:1 | Found a runed door.
 51854 | Depths:1 | Received a gift from Okawaru
 52043 | Depths:2 | Reached XP level 25. HP: 214/214 MP: 31/31
 52162 | Depths:2 | Noticed a caustic shrike
 52176 | Depths:1 | Received a gift from Okawaru
 52194 | Depths:1 | Killed a caustic shrike
 52467 | Depths:2 | Reached skill level 26 in Axes
 52530 | Depths:2 | Received a gift from Okawaru
 52764 | Depths:2 | Found a one-way gate to the infinite horrors of the Abyss.
 53307 | Depths:3 | Found a one-way gate leading to the halls of Pandemonium.
 53800 | Depths:3 | Reached skill level 27 in Axes
 53943 | Depths:3 | Reached XP level 26. HP: 200/222 MP: 31/31
 53982 | Depths:3 | Noticed Asterion
 53994 | Depths:3 | Killed Asterion
 54684 | Depths:4 | Received a gift from Okawaru
 54724 | Depths:4 | Got a shimmering double sword {god gift}
 54725 | Depths:4 | Identified the +10 double sword "Iwoytses" {slice, Int+2} (Okawaru gifted it to you on level 4 of the Depths)
 54738 | Depths:4 | Found a large runed door.
 54742 | Depths:4 | Found a large runed door.
 55014 | Depths:4 | Found a large runed door.
 55024 | Depths:4 | Found a large runed door.
 55031 | Depths:4 | Found a large runed door.
 55101 | Depths:4 | Found a large runed door.
 55236 | Depths:4 | Found a large runed door.
 55245 | Depths:4 | Received a gift from Okawaru
 55246 | Depths:4 | Found a large runed door.
 55334 | Depths:5 | Entered Level 5 of the Depths
 55394 | Depths:5 | Noticed a juggernaut
 55402 | Depths:5 | Killed a juggernaut
 55440 | Depths:5 | Upgraded the game from 0.21-a0-633-g4c047d5 to 0.21-a0-634-gaf8bc5d
 55463 | Depths:5 | Found a gate to the Realm of Zot.
 56129 | Depths:5 | Reached XP level 27. HP: 172/227 MP: 30/31
 57215 | Elf:2    | Noticed Saint Roka
 57241 | Elf:2    | Killed Saint Roka
 57241 | Elf:2    | Received a gift from Okawaru
 57291 | Elf:2    | Noticed Aizul
 57301 | Elf:2    | Killed Aizul
 57929 | Crypt:1  | Entered Level 1 of the Crypt
 58174 | Crypt:1  | Found a transporter.
 58213 | Crypt:1  | Found a transporter.
 58379 | Crypt:1  | Received a gift from Okawaru
 58504 | Crypt:1  | Got a jewelled broad axe {god gift}
 58505 | Crypt:1  | Identified the +2 broad axe of Disgust {holy, +Inv Dex+2} (Okawaru gifted it to you on level 1 of the Crypt)
 58958 | Crypt:2  | Reached skill level 1 in Necromancy
 59468 | Crypt:1  | Noticed an ancient lich
 59468 | Crypt:1  | Noticed an ancient lich
 59506 | Crypt:1  | Reached skill level 5 in Necromancy
 59526 | Crypt:1  | Received a gift from Okawaru
 59543 | Crypt:1  | Killed an ancient lich
 59549 | Crypt:1  | Killed an ancient lich
 59595 | Crypt:1  | Got an ancient pewter ring
 59605 | Crypt:1  | Got a vibrating turquoise ring
 59612 | Crypt:1  | Identified Eshroushru's Reference Book on the Snowflakes and Moulding
 59628 | Crypt:1  | Identified the ring "Waaczacis" {Fire -Tele Str+2 Int+6 Stlth+} (You found it on level 1 of the Crypt)
 59629 | Crypt:1  | Identified the ring "Maiwkuo" {*Corrode rElec rPois MR+ Str+6} (You found it on level 1 of the Crypt)
 59678 | Crypt:3  | Entered Level 3 of the Crypt
 60228 | Crypt:3  | Received a gift from Okawaru
 60276 | Crypt:3  | Found a staircase to the Tomb.
 60772 | Crypt:3  | Reached skill level 10 in Necromancy
 60811 | Crypt:3  | Found a basalt altar of Yredelemnul.
 61008 | Crypt:3  | Received a gift from Okawaru
 61072 | Crypt:3  | Identified Jecono's Guide on Translocation
 61572 | Crypt:3  | Identified a +2 pair of boots of running (You found it on level 3 of the Crypt)
 62023 | Lair:1   | Learned a level 8 spell: Necromutation
 62032 | Lair:1   | Learned a level 8 spell: Death's Door
 62306 | Vaults:5 | Entered Level 5 of the Vaults
 62380 | Vaults:4 | Received a gift from Okawaru
 62400 | Vaults:5 | Reached skill level 1 in Transmutations
 62408 | Vaults:4 | Received a gift from Okawaru
 62408 | Vaults:4 | Reached skill level 1 in Spellcasting
 62420 | Vaults:4 | Got an ancient war axe {god gift}
 62421 | Vaults:4 | Identified the +10 war axe "Transmigrator" {flame, Int+2} (Okawaru gifted it to you on level 4 of the Vaults)
 62658 | Vaults:5 | Received a gift from Okawaru
 62668 | Vaults:5 | HP: 11/237 [shadow dragon (10)]
 62898 | Vaults:5 | Got a sparkling pewter ring
 62916 | Vaults:5 | Got a pair of brightly glowing gloves
 62917 | Vaults:5 | Identified the +1 pair of gloves of Ru's Approval {-Cast *Slow rN+++ Str+7} (You found it on level 5 of the Vaults)
 62928 | Vaults:5 | Got a shimmering tin amulet
 62931 | Vaults:5 | Identified the ring "Geni" {rElec rPois rF- MP+9 Stlth+} (You found it on level 5 of the Vaults)
 62932 | Vaults:5 | Identified the amulet "Regokhlasha" {RegenMP Int+6} (You took it off a yaktaur captain on level 5 of the Vaults)
 63281 | Vaults:5 | Reached skill level 5 in Transmutations
 63300 | Vaults:5 | Got a silver rune of Zot
 63383 | Vaults:5 | Identified Porhoc's Grimoire of the Earthen Escort
 63392 | Vaults:5 | Got a pair of ichor-stained boots
 63393 | Vaults:5 | Identified the +1 pair of boots "Iruw" {rC+} (You found it on level 5 of the Vaults)
 64156 | Slime:1  | Entered Level 1 of the Pits of Slime
 64414 | Slime:4  | Reached skill level 15 in Evocations
 64436 | Slime:4  | Received a gift from Okawaru
 64645 | Slime:5  | Entered Level 5 of the Pits of Slime
 65254 | Slime:5  | Noticed the Royal Jelly
 65307 | Slime:5  | Killed the Royal Jelly
 65526 | Slime:5  | Got a smoking bardiche
 65527 | Slime:5  | Identified the +6 bardiche of Cataclysm {flame, +Inv MR- Int+4} (You found it on level 5 of the Pits of Slime)
 65542 | Slime:5  | Got a wavering amber ring
 65543 | Slime:5  | Identified the ring "Vilat" {+Fly rElec Str+3 Stlth-} (You found it on level 5 of the Pits of Slime)
 65588 | Slime:5  | Quit the game

Vault maps used:
D:1:      denvon_arrival_planthouse
D:2:      evilmike_ruin_ashenzari, cheibrodos_gnoll_hut, uniq_terence,
          uniq_robin
D:3:      nicolae_overflow_crystal_walls, lemuel_crystal_altar
D:4:      first_ration, nicolae_gozag_cash_rules_everything_around_me
D:5:      slow_altar_2, serial_park_tiny_pond, uniq_prince_ribbit1
D:6:      temple_hall
D:7:      grunt_livestock, minmay_misc_feat_tower, uniq_duvessa
D:8:      erik_lair_dragon, uniq_gastronok
D:9:      kennysheep_town
D:10:     kennysheep_doodads, water_maze_lemuel, uniq_erolcha
D:11:     lab_entry_generic
D:12:     david_orc_4
D:13:     minivault_5
D:14:     david_vaults_3, kennysheep_pointless_box
D:15:     grunt_enter_depths_hoard, fedhas_altar_1, minmay_unpleasant_kobolds
Temple:   regret_index_temple_mists
Lair:1:   grunt_forest_large_clearings, lemuel_fruit_fields
Lair:2:   elwin_shoals_entry_stream
Lair:3:   gammafunk_mikee_crab_dinner, minmay_snake_entry_six_corridors,
          columned_hall_lemuel, infiniplex_staircase_pool, serial_bayou_shore_b,
          uniq_nergalle
Lair:4:   kennysheep_catoblepas_arena, infiniplex_staircase_pool_2
Lair:5:   cheibrodos_magma_flow, slime_altar_1, cheibrodos_lair_lostbears
Lair:6:   evil_forest, portal_ice_cave_entry_imps, lemuel_fruit_fields,
          serial_bayou_shore_b, grunt_megastairs_2
Shoals:1: nicolae_shoals_undead_eyrie, uniq_josephine, uniq_roxanne
Shoals:4: shoals_end_grunt_ice, shoal_ilsuiw
Snake:1:  grunt_ministairs_13, st_stairs_10, uniq_azrael
Snake:2:  grunt_ministairs_1, uniq_vashnia
Snake:4:  snake_pit
Slime:4:  cheibrodos_slime_lost_civilization_4
Orc:2:    grunt_orc_community_town_hall, grunt_orc_community_big_house_2,
          grunt_orc_community_big_house_2, grunt_orc_community_house_1,
          grunt_orc_community_house_2, grunt_orc_community_house_1,
          grunt_orc_community_house_2, grunt_orc_community_house_2,
          minmay_orc_temple_a, uniq_sonja
Elf:1:    minmay_elf_arrival_circle, serial_shops, nicolae_shop_trees,
          evilmike_minifort, hex_large
Elf:2:    basic_altar, serial_shops, shop, shop, shop, laboratory, uniq_agnes,
          uniq_aizul, uniq_saint_roka
Elf:3:    minmay_elf_hall_curves, serial_shops,
          nicolae_shop_temple_entry_statues_fountains
Vaults:1: v_misc_1, hangedman_vaults_locks, hangedman_vaults_maws,
          ontoclasm_vaults_tryst, v_misc_28, nicolae_vaults_asterisk
Vaults:2: vaults_dpeg_ring, vaults_mumra_hexcomb, vaults_standard_mumra_x,
          minmay_crypt_entry_necro_gods, hangedman_vaults_snaps,
          ontoclasm_vaults_chip, grunt_vaults_funnel, dpeg_vaults_monster_row,
          nicolae_vaults_know_your_exits, ontoclasm_vaults_bender,
          vaults_dpeg_cross
Vaults:3: ontoclasm_vaults_chip, v_rooms_4, st_lines,
          ontoclasm_vaults_loading_screen, hangedman_vaults_nodes, v_pattern_3,
          ontoclasm_vaults_ring_small, v_misc_8, hangedman_vaults_trim,
          nicolae_vaults_little_squares_3, mu_enter_wizlab_6, uniq_jory
Vaults:4: hangedman_vaults_stretched_pinwheel, hangedman_vaults_unwind,
          nicolae_vaults_yaktaur_gun_rack, vaults_mumra_hex,
          vaults_standard_mumra_enter_the_diamond, hangedman_vaults_capsules,
          ontoclasm_vaults_gateway, v_alt_pattern_2,
          nicolae_vaults_quartermaster, vaults_dpeg_hooks,
          nicolae_vaults_big_angled_halls, serial_shops, freezing_bzr
Crypt:1:  gammafunk_dig_for_victory, serial_glass, glass_columns_c,
          glass_columns_a, glass_columns_a, glass_columns_c, glass_columns_c,
          glass_columns_b, glass_columns_c, glass_columns_a
Crypt:2:  roderic_lattice_octagonal_star
Crypt:3:  evilmike_haunted_forest
Depths:1: enter_ziggurat_e, serial_shops, shop, hangedman_decor_lopped,
          pf_hell_entry_tar_river, lightli_giant_bouncers
Depths:2: minmay_the_grid_square_5x5_5x5, kennysheep_big_empty_room,
          hangedman_abyss_entry_splay, hell_entry
Depths:3: wad_arrow_thing, grunt_pan_entry_zigzag, grunt_decor_one_mirror,
          serial_curves, eino_curves_03, eino_curves_04, abyss_entry,
          hell_entry, infiniplex_staircase_door_maze, uniq_asterion
Depths:4: minmay_five_octagons, abyss_entry, hangedman_coc_ice_floe
Depths:5: evilmike_zot_entry_argh, hangedman_decor_clover_reticule,
          minmay_room_of_horrors, grunt_hell_entry_dis_mu
Lab:      labyrinth_mini_lab, nicolae_lab_lava, nicolae_lab_statue
Bazaar:   bazaar_kb_twisted_cavern
IceCv:    ice_cave_caverns_01
WizLab:   wizlab_zonguldrok

Skill      XL: |  1  2  3  4  5  6  7  8  9 10 11 12 13 14 15 16 17 18 19 20 21 22 23 24 25 26 27 |
---------------+----------------------------------------------------------------------------------+-----
Axes           | 3 4 6 8 10 12 13 14 16 17 18 19 20 21 22 23 25 27 | 27.0
Fighting       | 7 10 11 13 14 15 16 18 19 20 21 22 25 | 25.7
Armour         | 4 6 10 12 13 14 15 16 17 18 19 20 21 22 23 | 23.6
Invocations    | 3 |  3.9
Dodging        | 2 |  2.6
Evocations     | 4 6 11 16 | 16.1
Shields        | 6 7 |  7.9
Necromancy     | 12 | 12.8
Transmutations | 5 |  5.1
Spellcasting   | 4 |  4.7

Action                   |  1- 3 |  4- 6 |  7- 9 | 10-12 | 13-15 | 16-18 | 19-21 | 22-24 | 25-27 || total
-------------------------+-------+-------+-------+-------+-------+-------+-------+-------+-------++-------
Melee: War axe           |    72 |   215 |   428 |   637 |  1111 |   836 |       |       |       ||  3299
       Dagger            |       |       |       |    12 |       |       |       |       |       ||    12
       Hand axe          |       |       |       |       |    14 |       |       |       |       ||    14
       Battleaxe         |       |       |       |       |   137 |   748 |  1377 |   893 |  1446 ||  4601
       Executioner's axe |       |       |       |       |       |       |       |   447 |   863 ||  1310
Throw: Tomahawk          |       |       |       |     4 |       |       |       |       |       ||     4
       Javelin           |       |       |       |     4 |     2 |       |       |       |       ||     6
       Throwing net      |       |       |       |       |     3 |       |       |       |       ||     3
Invok: Heroism           |       |       |       |     3 |     1 |       |       |       |     1 ||     5
 Abil: Dig               |       |     2 |     8 |    12 |    20 |    10 |     1 |     7 |    11 ||    71
       Shaft Self        |       |       |     1 |     3 |     2 |     2 |     1 |       |       ||     9
       Evoke Flight      |       |       |       |       |       |       |    10 |     1 |     4 ||    15
Evoke: Wand              |       |       |     3 |    41 |     1 |    13 |     4 |     7 |     6 ||    75
       Lamp of fire      |       |       |       |       |       |       |     1 |       |       ||     1
       Sack of spiders   |       |       |       |       |       |       |     2 |       |     1 ||     3
       Box of beasts     |       |       |       |       |       |       |     1 |       |     1 ||     2
       Phantom mirror    |       |       |       |       |       |       |       |       |     2 ||     2
  Use: Potion            |       |     3 |     7 |     2 |     4 |     1 |    12 |     2 |    13 ||    44
       Scroll            |       |       |    16 |     7 |     8 |    10 |     5 |    17 |    27 ||    90
 Stab: Invisible         |       |       |     3 |       |    10 |       |       |       |     1 ||    14
       Paralysed         |       |       |       |    19 |       |       |       |       |       ||    19
       Held in net/web   |       |       |       |       |     4 |       |       |       |       ||     4
       Distracted        |       |       |       |       |       |     1 |     2 |       |     1 ||     4
  Eat: Chunk             |       |     9 |    11 |    22 |    20 |    31 |    12 |    11 |    12 ||   128
       Ration            |       |       |     2 |     2 |     2 |     4 |     4 |     8 |    13 ||    35
Armor: Scale mail        |    36 |   134 |    10 |       |       |       |       |       |       ||   180
       Chain mail        |       |       |   139 |   181 |       |       |       |       |       ||   320
       Plate armour      |       |       |       |    94 |   660 |   497 |   590 |   507 |  1206 ||  3554
Dodge: Dodged            |    25 |    71 |    68 |   125 |   255 |   234 |   238 |   176 |   420 ||  1612
Block: Shield            |    47 |   124 |   163 |   254 |   489 |   377 |       |       |       ||  1454
       Reflection        |       |       |       |       |       |   120 |    91 |   117 |    62 ||   390
       Large shield      |       |       |       |       |       |   611 |  1232 |  1045 |  2039 ||  4927

Table legend:
 A = Spawn XP
 B = Non-spawn XP
 C = Spawn XP percentage of total XP
 D = Spawn monster count
 E = Non-spawn monster count
 F = Spawn count percentage of total count
 G = Total turns spent on level
                    A         B        C        D         E        F      G
               +---------+---------+-------+---------+---------+-------+---------
         Total |       0 | 1496099 |   0.0 |       0 |    2732 |   0.0 | 65588
               +---------+---------+-------+---------+---------+-------+---------
           D:1 |       0 |      78 |   0.0 |       0 |      34 |   0.0 |  1243
           D:2 |       0 |     125 |   0.0 |       0 |      29 |   0.0 |   597
           D:3 |       0 |     138 |   0.0 |       0 |      17 |   0.0 |  1192
           D:4 |       0 |     528 |   0.0 |       0 |      28 |   0.0 |  1396
           D:5 |       0 |     732 |   0.0 |       0 |      25 |   0.0 |  1797
           D:6 |       0 |     885 |   0.0 |       0 |      17 |   0.0 |  1281
           D:7 |       0 |    2148 |   0.0 |       0 |      34 |   0.0 |  1673
           D:8 |       0 |    5289 |   0.0 |       0 |      40 |   0.0 |  1748
           D:9 |       0 |   14793 |   0.0 |       0 |      82 |   0.0 |  2722
          D:10 |       0 |    5978 |   0.0 |       0 |      37 |   0.0 |  2266
          D:11 |       0 |    4313 |   0.0 |       0 |      27 |   0.0 |  1308
          D:12 |       0 |    2591 |   0.0 |       0 |      36 |   0.0 |  1789
          D:13 |       0 |    5347 |   0.0 |       0 |      32 |   0.0 |  1514
          D:14 |       0 |   14783 |   0.0 |       0 |      52 |   0.0 |   848
          D:15 |       0 |   11610 |   0.0 |       0 |      37 |   0.0 |   843
        Lair:1 |       0 |    9117 |   0.0 |       0 |      50 |   0.0 |  1565
        Lair:2 |       0 |    7915 |   0.0 |       0 |      25 |   0.0 |  1335
        Lair:3 |       0 |   18436 |   0.0 |       0 |      52 |   0.0 |  1435
        Lair:4 |       0 |    5917 |   0.0 |       0 |      16 |   0.0 |   942
        Lair:5 |       0 |    7135 |   0.0 |       0 |      30 |   0.0 |  1242
        Lair:6 |       0 |   28578 |   0.0 |       0 |      83 |   0.0 |  1458
      Shoals:1 |       0 |   22299 |   0.0 |       0 |      42 |   0.0 |   677
      Shoals:2 |       0 |   20479 |   0.0 |       0 |      34 |   0.0 |   834
      Shoals:3 |       0 |    6957 |   0.0 |       0 |      15 |   0.0 |   795
      Shoals:4 |       0 |   40200 |   0.0 |       0 |      69 |   0.0 |  1286
       Snake:1 |       0 |   22484 |   0.0 |       0 |      48 |   0.0 |   868
       Snake:2 |       0 |   20562 |   0.0 |       0 |      32 |   0.0 |  1017
       Snake:3 |       0 |   15656 |   0.0 |       0 |      34 |   0.0 |   793
       Snake:4 |       0 |   38834 |   0.0 |       0 |      63 |   0.0 |  1330
       Slime:1 |       0 |   14942 |   0.0 |       0 |      33 |   0.0 |   159
       Slime:2 |       0 |    6393 |   0.0 |       0 |       5 |   0.0 |    48
       Slime:3 |       0 |    5960 |   0.0 |       0 |       5 |   0.0 |    32
       Slime:4 |       0 |   14269 |   0.0 |       0 |      37 |   0.0 |   658
       Slime:5 |       0 |   47958 |   0.0 |       0 |      36 |   0.0 |   535
         Orc:1 |       0 |    2368 |   0.0 |       0 |      19 |   0.0 |   355
         Orc:2 |       0 |   10345 |   0.0 |       0 |      96 |   0.0 |  1439
         Elf:1 |       0 |   30290 |   0.0 |       0 |      56 |   0.0 |  1278
         Elf:2 |       0 |   45673 |   0.0 |       0 |      78 |   0.0 |  1261
         Elf:3 |       0 |   56230 |   0.0 |       0 |      53 |   0.0 |  1501
      Vaults:1 |       0 |   46267 |   0.0 |       0 |      80 |   0.0 |  1801
      Vaults:2 |       0 |   80765 |   0.0 |       0 |     133 |   0.0 |  1570
      Vaults:3 |       0 |   83248 |   0.0 |       0 |     122 |   0.0 |  2317
      Vaults:4 |       0 |   97443 |   0.0 |       0 |     126 |   0.0 |  1648
      Vaults:5 |       0 |   96238 |   0.0 |       0 |      75 |   0.0 |  1040
       Crypt:1 |       0 |   68061 |   0.0 |       0 |      74 |   0.0 |  1018
       Crypt:2 |       0 |   29705 |   0.0 |       0 |      41 |   0.0 |   768
       Crypt:3 |       0 |   70156 |   0.0 |       0 |     113 |   0.0 |  2063
      Depths:1 |       0 |   75222 |   0.0 |       0 |      76 |   0.0 |  1393
      Depths:2 |       0 |   63407 |   0.0 |       0 |      76 |   0.0 |  1035
      Depths:3 |       0 |   67339 |   0.0 |       0 |      76 |   0.0 |  1348
      Depths:4 |       0 |   70133 |   0.0 |       0 |      60 |   0.0 |   824
      Depths:5 |       0 |   46983 |   0.0 |       0 |      46 |   0.0 |  1276
           Lab |       0 |    1065 |   0.0 |       0 |       1 |   0.0 |   529
         IceCv |       0 |   14768 |   0.0 |       0 |      58 |   0.0 |   963
        WizLab |       0 |   16964 |   0.0 |       0 |      37 |   0.0 |   750
               +---------+---------+-------+---------+---------+-------+---------
